 Dungeon Crawl Stone Soup version 0.18-b1-16-g289874d (webtiles) character file.

9156 MTVSty1e the Fighter (level 11, -6/99 HPs)
             Began as a Hill Orc Fighter on May 1, 2016.
             Was a High Priest of Okawaru.
             Killed from afar by a lindwurm (28 damage)
             ... with a blast of flame
             ... on level 9 of the Dungeon.
             The game lasted 00:48:06 (10122 turns).

MTVSty1e the Fighter (Hill Orc Fighter)            Turns: 10122, Time: 00:48:06

Health: -6/99      AC: 12    Str: 29    XL:     11   Next: 42%
Magic:  0/15       EV: 11    Int:  4    God:    Okawaru [*****.]
Gold:   443        SH: 12    Dex: 10    Spells: 0 memorised, 10 levels left

rFire  . . .     SeeInvis .     u - +11 trident of Kirhaip {pierce, +Inv rN+ Str+7 Int-5}
rCold  . . .     Gourm    .     b - +0 scale mail
rNeg   + . .     Faith    .     c - +1 shield
rPois  .         Spirit   +     o - +0 helmet
rElec  .         Dismiss  .     (no cloak)
rCorr  .         Reflect  .     D - +0 pair of gloves
SustAt +         Harm     .     r - +0 pair of boots
MR     .....                    B - amulet of guardian spirit
Stlth  ..........               g - ring of wizardry
                                j - ring of sustain attributes

@: slowed, very slow, not resistant to hostile enchantments, extremely
unstealthy
A: no striking features
a: Heroism, Finesse, Renounce Religion, Evoke Invisibility


You were on level 9 of the Dungeon.
You worshipped Okawaru.
Okawaru was extremely pleased with you.
You were not hungry.

You visited 2 branches of the dungeon, and saw 11 of its levels.

You collected 537 gold pieces.
You spent 94 gold pieces at shops.

Inventory:

Hand Weapons
 d - a +2 spear of venom
 e - a +1 scimitar of flaming
 l - a +1 scimitar
 q - a +1 war axe of venom
 t - a +0 trident of flaming
 u - the +11 trident of Kirhaip (weapon) {pierce, +Inv rN+ Str+7 Int-5}
   (You found it on level 5 of the Dungeon)

   It inflicts extra damage upon your enemies.
   It affects your strength (+7).
   It affects your intelligence (-5).
   It protects you from negative energy.
   It lets you turn invisible.
Armour
 b - a +0 scale mail (worn)
 c - a +1 shield (worn)
 m - a +2 hat
 o - a +0 helmet (worn)
 r - a +0 pair of boots (worn)
 D - a +0 pair of gloves (worn)
Jewellery
 g - a ring of wizardry (right hand)
 j - a ring of sustain attributes (left hand)
 p - an uncursed ring of protection from fire {unknown}
 v - an uncursed ring of protection from fire {unknown}
 B - an amulet of guardian spirit (around neck)
 F - an uncursed amulet of magic regeneration
Wands
 x - a wand of polymorph (5/24)
 M - a wand of polymorph (6/24)
 O - a wand of paralysis (7/24)
Scrolls
 h - a scroll of fog
 i - 3 scrolls of amnesia
 k - 5 scrolls of immolation
 s - 2 scrolls of random uselessness
 w - 2 scrolls of recharging
 A - 4 scrolls of remove curse
 E - a scroll of fear
 J - a scroll of blinking
 P - a scroll of identify
Potions
 N - a potion of agility
Books
 G - a book of Beasts

   Spells                             Type                      Level
   a - Summon Butterflies             Summoning                    1
   b - Call Canine Familiar           Summoning                    3
   c - Summon Ice Beast               Ice/Summoning                4
   d - Summon Mana Viper              Hexes/Summoning              5
   e - Summon Hydra                   Summoning                    7
 H - an Akashic Record

   Spells                             Type                      Level
   a - Dispersal                      Translocation                6
   b - Malign Gateway                 Summoning/Translocation      7
   c - Disjunction                    Translocation                8
   d - Controlled Blink               Translocation                8
Comestibles
 f - 4 bread rations
 L - 2 meat rations


   Skills:
 * Level 10.0 Fighting
 - Level 3.6(7.5) Axes
 * Level 8.5(8.8) Polearms
 * Level 9.4 Armour
 + Level 5.0 Dodging
 - Level 1.0 Stealth
 + Level 7.8 Shields
 * Level 5.8 Evocations


You had 10 spell levels left.
You didn't know any spells.

Dungeon Overview and Level Annotations

Branches:
Dungeon (10/15)            Temple (1/1) D:6             Orc (0/2) D:10
   Lair: D:8-11

Altars:
Ashenzari
Cheibriados
Fedhas
Gozag
Kikubaaqudgha
Makhleb
Nemelex Xobeh
Okawaru
Pakellas
Qazlal
Ru
Sif Muna
Trog
Vehumet
Xom
Zin
The Shining One
Lugonu

Shops:
D:5 (   D:8 %   D:9 *


Message History

The lindwurm misses you. The lindwurm claws you.
* * * LOW HITPOINT WARNING * * *
You block the lindwurm's attack.
Attack whom?
Press: ? - help, Dir - move target cursor, f/p - lindwurm
Aim: a lindwurm (catching its breath)
You hit the lindwurm.
The lindwurm is lightly wounded.
The lindwurm bites you but does no damage.
The lindwurm claws you.
* * * LOW HITPOINT WARNING * * *
The lindwurm claws you but does no damage.
Attack whom?
Press: ? - help, Dir - move target cursor, f/p - lindwurm
Aim: a lindwurm (lightly wounded)
You puncture the lindwurm!
The lindwurm is moderately wounded.
The lindwurm breathes flames at you. The blast of flame hits you!
You die...

..#*##..≈≈≈≈≈..###.####.....#
.#,,(.#..≈§§≈..###'###......##
##,,k?##.§§§≈≈.#..........#..#
##,,>,##.§§§≈≈.#.........###.##
.#.,,.#.S≈≈≈≈..#......∩.._⌠#..#
..####..≈≈§≈≈..#.........###..#
...##...≈≈≈≈≈.............#...#
≈≈....≈≈≈≈≈≈..).........#...#.#
≈≈≈≈§§≈≈§≈≈≈..))@.....######..#
≈≈≈≈≈§≈≈§≈§...##k.....# ##.##
§≈≈≈§≈≈§≈≈....##......# #..#
≈≈≈≈§≈§≈.....#####'#### ##.##
...≈§......^## #....####..#
...§........# ####..[)..##
#..##.......###########)####
#...'.......'....#.......#
..###.......####.'.......#


You could see a lindwurm.

Vanquished Creatures
  Gastronok (D:8)
  Erica (D:9)
  The ghost of Wooh the Nimble, a novice NaIE of Sif Muna (D:9)
  Pikel (D:7)
  A lindwurm (D:9)
  Joseph (D:8)
  A merfolk (D:9)
  A shadow (D:10)
  A wyvern (D:10)
  Menkaure (D:4)
  A hungry ghost (D:8)
  A hippogriff (D:7)
  Duvessa (D:7)
  2 black bears (D:9)
  2 sky beasts
  An ice beast (D:6)
  3 orc warriors
  A phantom (D:9)
  A slave (D:7)
  4 ogres
  7 centaurs
  4 giant frogs
  A water moccasin zombie (D:8)
  Dowan (D:7)
  3 scorpions
  A wight (D:3)
  3 crimson imps
  3 hounds
  A jelly (D:6)
  A centaur zombie (D:6)
  2 giant frog zombies
  4 orc priests
  14 orc wizards
  A gnoll shaman (D:9)
  Jessica (D:3)
  8 worker ants
  4 iguanas
  3 hound skeletons
  A hound zombie (D:6)
  Robin (D:2)
  12 gnolls
  A howler monkey skeleton (D:4)
  9 adders
  A shadow imp (D:6)
  2 oozes (D:3)
  2 adder skeletons
  An adder zombie (D:9)
  2 worms (D:3)
  3 dart slugs
  5 giant geckos
  35 orcs
  6 bats
  6 giant cockroaches
  12 goblins
  16 hobgoblins
  17 jackals
  2 kobolds (D:1)
  7 quokkas
  A ball python (D:1)
  A giant gecko skeleton (D:8)
  5 giant newts
  A quokka zombie (D:8)
  9 rats
  A demonic plant (Temple)
248 creatures vanquished.

Vanquished Creatures (others)
  A worker ant (D:8)
1 creature vanquished.

Grand Total: 249 creatures vanquished

Notes
Turn   | Place    | Note
--------------------------------------------------------------
     0 | D:1      | MTVSty1e the Hill Orc Fighter began the quest for the Orb.
     0 | D:1      | Reached XP level 1. HP: 19/19 MP: 1/1
   177 | D:1      | Reached XP level 2. HP: 27/27 MP: 2/2
   185 | D:1      | Reached skill level 4 in Fighting
   515 | D:1      | Reached XP level 3. HP: 33/33 MP: 3/3
  1095 | D:2      | Noticed Robin
  1103 | D:2      | Reached skill level 1 in Dodging
  1103 | D:2      | Reached XP level 4. HP: 36/41 MP: 4/4
  1106 | D:2      | Killed Robin
  1518 | D:2      | Found a blossoming altar of Fedhas.
  1873 | D:3      | Reached skill level 1 in Polearms
  1873 | D:3      | Reached XP level 5. HP: 25/47 MP: 5/5
  2155 | D:3      | Noticed Jessica
  2160 | D:3      | Killed Jessica
  2160 | D:3      | Reached skill level 5 in Fighting
  2221 | D:3      | Found a shattered altar of Ashenzari.
  2221 | D:3      | Found an ancient bone altar of Kikubaaqudgha.
  2688 | D:3      | Reached XP level 6. HP: 56/56 MP: 6/6
  3088 | D:4      | Noticed Menkaure
  3526 | D:4      | Reached XP level 7. HP: 50/62 MP: 7/7
  3532 | D:4      | Reached skill level 5 in Armour
  3661 | D:4      | Killed Menkaure
  3945 | D:5      | Entered Level 5 of the Dungeon
  3993 | D:5      | Found Nocenn's Antique Weapon Shoppe.
  4005 | D:5      | Bought a runed trident for 94 gold pieces
  4063 | D:5      | Got a bloodstained trident
  4064 | D:5      | Identified the +11 trident of Kirhaip {pierce, +Inv rN+ Str+7 Int-5} (You found it on level 5 of the Dungeon)
  4294 | D:5      | Reached skill level 1 in Stealth
  4449 | D:5      | Reached XP level 8. HP: 70/70 MP: 8/8
  4561 | D:5      | Reached skill level 1 in Evocations
  4578 | D:5      | Reached skill level 6 in Fighting
  4597 | D:5      | Reached skill level 5 in Shields
  5572 | D:6      | Found a staircase to the Ecumenical Temple.
  5587 | Temple   | Entered the Ecumenical Temple
  5622 | Temple   | Became a worshipper of Warmaster Okawaru
  6213 | D:7      | Reached XP level 9. HP: 55/78 MP: 9/11
  6218 | D:7      | Reached skill level 7 in Fighting
  6233 | D:7      | You fall through a shaft for 3 floors!
  6233 | D:10     | Entered Level 10 of the Dungeon
  6324 | D:10     | Found a staircase to the Orcish Mines.
  6433 | D:10     | Reached * piety under Okawaru
  6433 | D:10     | Reached skill level 5 in Polearms
  6674 | D:9      | Found a radiant altar of Vehumet.
  6677 | D:9      | Found an opulent altar of Gozag.
  6689 | D:9      | Noticed Erica
  6710 | D:9      | Killed Erica
  6715 | D:9      | Reached ** piety under Okawaru
  7009 | D:8      | Noticed Gastronok
  7047 | D:8      | Killed Gastronok
  7047 | D:8      | Reached skill level 8 in Fighting
  7047 | D:8      | Reached XP level 10. HP: 30/90 MP: 4/13
  7300 | D:8      | Noticed Joseph
  7330 | D:8      | Killed Joseph
  7330 | D:8      | Reached *** piety under Okawaru
  7574 | D:8      | Found Ylieg's Food Emporium.
  7834 | D:8      | Found a sparkling altar of Nemelex Xobeh.
  7881 | D:8      | Reached skill level 9 in Fighting
  7897 | D:8      | Reached skill level 5 in Evocations
  8089 | D:7      | Noticed Pikel
  8098 | D:7      | Killed Pikel
  8208 | D:7      | Found a shimmering altar of Xom.
  8209 | D:7      | Found a shimmering altar of Xom.
  8215 | D:7      | Found a shimmering altar of Xom.
  8216 | D:7      | Found a shimmering altar of Xom.
  8335 | D:7      | Reached **** piety under Okawaru
  8362 | D:7      | Reached XP level 11. HP: 86/97 MP: 9/15
  8386 | D:7      | Noticed Duvessa
  8393 | D:7      | Noticed Dowan
  8402 | D:7      | Killed Duvessa
  8412 | D:7      | Killed Dowan
  8928 | D:9      | Found Zin's Purification Station.
  8928 | D:9      | Found a glowing silver altar of Zin.
  9141 | D:9      | Noticed Wooh's ghost (novice NaIE)
  9174 | D:9      | Killed Wooh's ghost
  9324 | D:9      | Found a snail-covered altar of Cheibriados.
  9333 | D:9      | Found a bloodstained altar of Trog.
  9559 | D:9      | Reached skill level 5 in Dodging
  9640 | D:9      | Noticed a lindwurm
  9641 | D:9      | Noticed a lindwurm
  9674 | D:9      | Noticed a lindwurm
  9743 | D:9      | Noticed a lindwurm
 10112 | D:9      | a lindwurm changed into a guardian serpent
 10118 | D:9      | Killed a lindwurm
 10118 | D:9      | Reached ***** piety under Okawaru
 10118 | D:9      | Reached skill level 10 in Fighting
 10122 | D:9      | Killed from afar by a lindwurm

Skill      XL: |  1  2  3  4  5  6  7  8  9 10 11 |
---------------+----------------------------------+-----
Fighting       | 4 5 6 8 9 10 | 10.0
Axes           | 3 |  3.6
Dodging        | 1 2 3 4 5 |  5.0
Polearms       | 1 2 3 4 7 8 |  8.5
Armour         | 4 5 6 8 9 |  9.4
Shields        | 4 5 6 7 |  7.8
Stealth        | 1 |  1.0
Evocations     | 2 4 5 |  5.8

Action                   |  1- 3 |  4- 6 |  7- 9 | 10-12 || total
-------------------------+-------+-------+-------+-------++-------
Melee: War axe           |    98 |     6 |       |       ||   104
       Spear             |       |   142 |    37 |       ||   179
       Trident           |       |       |   207 |   216 ||   423
 Abil: Evoke Invisibilit |       |       |     1 |     1 ||     2
Evoke: Wand              |       |       |       |     1 ||     1
  Use: Scroll            |     1 |    12 |     2 |     5 ||    20
       Potion            |     1 |     6 |     5 |     3 ||    15
  Eat: Beef jerky        |     1 |       |     1 |       ||     2
       Bread ration      |       |     2 |     1 |     2 ||     5
       Meat ration       |       |       |     1 |     1 ||     2
       Pizza             |       |       |       |     1 ||     1
Armor: Scale mail        |    57 |    59 |    64 |   107 ||   287
       Skin              |       |       |    27 |       ||    27
Dodge: Dodged            |    29 |    43 |    62 |   110 ||   244
Block: Shield            |    58 |    80 |   129 |   202 ||   469
